 Dungeon Crawl Stone Soup version 0.29.0-13-gc9e81de378 (webtiles) character file.

Game seed: 7131521591499900911

2283 Ofeo the Conjurer (level 9, -7/62 HPs)
             Began as a Meteoran Conjurer on Sept 9, 2022.
             Was an Initiate of Ashenzari.
             Mangled by a centaur warrior zombie (9 damage)
             ... on level 10 of the Dungeon.
             The game lasted 00:15:27 (1336 turns).

Ofeo the Conjurer (Meteoran Conjurer)               Turns: 1336, Time: 00:15:27

Health: -7/62      AC:  2    Str:  7 (9)  XL:     9   Next: 98%
Magic:  12/20      EV: 15    Int: 29      God:    Ashenzari [......]
Gold:   157        SH:  0    Dex: 14      Spells: 7/21 levels left

rFire   . . .      SeeInvis +   r - +3 war axe (freeze)
rCold   . . .      Faith    +   (no shield)
rNeg    . . .      Spirit   .   a - +0 robe of the Eye in the Sky {Range, Cun} (curse)
rPois   .          Reflect  .   (no helmet)
rElec   .          Harm     .   (no cloak)
rCorr   .          Rampage  .   (no gloves)
Will    +....                   (no boots)
Stlth   +.........              p - amulet of faith
HPRegen 0.20/turn               g - ring of see invisible
MPRegen 0.17/turn               o - +6 ring of intelligence

@: glowing
A: sense surroundings 2, otherworldly, glowing, explore regen
a: Renounce Religion, Curse Item, Shatter the Chains


You were on level 10 of the Dungeon.
You worshipped Ashenzari.
Ashenzari was noncommittal.
You visited 1 branch of the dungeon, and saw 10 of its levels.

You collected 157 gold pieces.

Inventory:

Hand Weapons
 r - a +3 war axe of freezing (weapon)
Armour
 a - the cursed +0 robe of the Eye in the Sky (worn) {Range, Cun}

   It has a curse which improves the following skills: Ranged Combat: Ranged
   Weapons and Throwing.
   Cunning:   Dodging and Stealth.
 b - a +1 pair of boots
Jewellery
 c - a ring of fire
 g - a ring of see invisible (left hand)
 o - a +6 ring of intelligence (right hand)
 p - an amulet of faith (around neck)
Wands
 d - a wand of flame (4)
 k - a wand of polymorph (6)
Scrolls
 u - a scroll of poison
Potions
 e - a potion of degeneration
 f - a potion of attraction
 h - 3 potions of flight
 m - a potion of mutation
 s - a potion of lignification


   Skills:
 + Level 6.6(7.1) Dodging
 + Level 4.4(4.9) Stealth
 + Level 6.8 Spellcasting
 + Level 7.8 Conjurations
 - Level 4.0 Hexes
 - Level 4.0 Translocations
 + Level 4.5 Fire Magic


You had 7 spell levels left.
You knew the following spells:

 Your Spells              Type           Power      Damage    Failure   Level
a - Magic Dart            Conj           100%       1d8       1%          1
b - Searing Ray           Conj           100%       2d8       1%          2
c - Conjure Flame         Conj/Fire      46%        6-21      1%          3
d - Iskenderun's Mystic   Conj/Tloc      44%        2d10      4%          4
e - Fulminant Prism       Conj/Hex       22%        3d13      4%          4

Your spell library contained the following spells:

 Spells                   Type           Power      Damage    Failure   Level
 Foxfire                  Conj/Fire      100%       2x1d9     1%          1
 Dazzling Flash           Conj/Hex       88%        N/A       1%          3
 Inner Flame              Hex/Fire       34%        N/A       2%          3
 Flame Wave               Conj/Fire      46%        2d12      4%          4


Dungeon Overview and Level Annotations

Branches:
Dungeon (10/15) Zot: 4646  Temple (0/1) D:6            Lair (0/5) D:10
    Orc: D:9-12

Altars:
Ashenzari
Cheibriados
Dithmenos
Makhleb
Trog
Uskayaw
Wu Jian
Xom


Innate Abilities, Weirdness & Mutations

You passively map the area around you.
You are easily found by Zot.
You glow in the dark.
You regain HP and MP as you explore.


Message History

You take 3 damage, and have 20/62 hp.
You hit the shadow.
The shadow is lightly damaged.
You hit the shadow. The shadow hits you. x2
The shadow slips into darkness.
The shadow flickers and vanishes for a moment.
The shadow slips into darkness.
The shadow flickers and vanishes for a moment.
The shadow attacks as you move away! The shadow hits you.
The shadow completely misses you.
You take 1 damage, and have 19/62 hp.
The shadow attacks as you move away! The shadow hits you!
* * * LOW HITPOINT WARNING * * *
The shadow attacks as you move away! The shadow closely misses you.
You take 9 damage, and have 10/62 hp.
The shadow barely misses you.
The shadow slips into darkness.
The shadow flickers and vanishes for a moment.
The centaur warrior zombie closely misses you.
The centaur warrior zombie kicks you.
* * * LOW HITPOINT WARNING * * *
You take 2 damage, and have 9/62 hp.
The shadow misses you. The centaur warrior zombie hits you.
* * * LOW HITPOINT WARNING * * *
The centaur warrior zombie closely misses you.
You take 3 damage, and have 6/62 hp.
The shadow attacks as you move away! The shadow closely misses you.
The centaur warrior zombie attacks as you move away!
The centaur warrior zombie hits you but does no damage.
The centaur warrior zombie kicks you.
* * * LOW HITPOINT WARNING * * *
You take 2 damage, and have 4/62 hp.
The centaur warrior zombie attacks as you move away!
The centaur warrior zombie barely misses you.
The centaur warrior zombie kicks you.
* * * LOW HITPOINT WARNING * * *
The shadow slips into darkness.
The shadow flickers and vanishes for a moment.
The centaur warrior zombie hits you!
You die...

#.#..$8# ###.#..8.#
#........#
#.######.######## * #.#
#............ *
#.###.##.########
#.#..........# * ,*
#######.#.#.#.####.###..
.............WWZ@>......
, *
........#.#.#.###..##...8
, #.##.......!..# ..# ,,,
.###.#.##)#...###..#* ,
,, .# #.#.#)).........# *
* .# #.#<#....#.###.##
,** * ≈# #.#.#..[.#...
..,,, , , .#
#§#......#####.# , , ,
.#*#o###.!..# ,* * , ,


You could see 2 shadows and a centaur warrior zombie.

Vanquished Creatures
  A centaur zombie (D:10)
  An unseen horror zombie (D:10)
  A vampire (D:10)
  2 yaks (D:10)
  2 water moccasins
  An orc warrior (D:9)
  An ice beast (D:5)
  An ogre (D:4)
  A centaur (D:10)
  2 bullfrogs
  A scorpion (D:6)
  6 howler monkeys
  An orc priest (D:10)
  2 hounds (D:5)
  2 iguanas
  2 orc wizards
  An adder (D:4)
  A shadow imp (D:7)
  3 worms (D:3)
  12 orcs
  An endoplasm (D:4)
  A giant cockroach (D:3)
  4 goblins
  A hobgoblin (D:3)
  A quokka (D:4)
  A bat (D:3)
  A kobold (D:8)
  A rat (D:3)
  A fulminant prism (D:10)
56 creatures vanquished.

Vanquished Creatures (others)
  9 fulminant prisms
  2 fungi (D:10)
  11 plants (D:10)
22 creatures vanquished.

Grand Total: 78 creatures vanquished

Notes
Turn   | Place    | Note
-------+----------+-------------------------------------------
     0 | D:1      | Ofeo the Meteoran Conjurer began the quest for the Orb.
     0 | D:1      | Reached XP level 1. HP: 14/14 MP: 5/5
   153 | D:3      | Reached XP level 2. HP: 20/20 MP: 2/6
   156 | D:3      | Learned a level 2 spell: Searing Ray
   180 | D:4      | Reached skill level 5 in Conjurations
   195 | D:5      | Entered Level 5 of the Dungeon
   268 | D:3      | Found a shimmering altar of Xom.
   304 | D:4      | Reached XP level 3. HP: 25/26 MP: 2/8
   331 | D:4      | Noticed an ogre
   342 | D:4      | Killed an ogre
   343 | D:4      | Reached XP level 4. HP: 16/33 MP: 8/10
   343 | D:4      | Reached XP level 5. HP: 19/38 MP: 8/11
   405 | D:4      | Found a broken altar of Ashenzari.
   425 | D:4      | Became a worshipper of Ashenzari the Shackled
   505 | D:5      | Noticed an ice beast
   519 | D:5      | Reached XP level 6. HP: 43/45 MP: 7/13
   525 | D:5      | Killed an ice beast
   526 | D:5      | Reached skill level 6 in Conjurations
   645 | D:5      | Found a hide-covered altar of Uskayaw.
   658 | D:6      | Reached XP level 7. HP: 50/50 MP: 8/14
   733 | D:5      | Found a bloodstained altar of Trog.
   781 | D:6      | Learned a level 3 spell: Conjure Flame
   786 | D:6      | Learned a level 4 spell: Iskenderun's Mystic Blast
   791 | D:6      | Learned a level 4 spell: Fulminant Prism
   822 | D:6      | Noticed a water moccasin
   832 | D:6      | Killed a water moccasin
   833 | D:6      | Reached skill level 1 in Hexes
   833 | D:6      | Reached skill level 1 in Translocations
   857 | D:6      | Reached skill level 1 in Fire Magic
   914 | D:6      | Reached skill level 5 in Spellcasting
   991 | D:7      | Reached XP level 8. HP: 57/57 MP: 10/16
  1029 | D:8      | Reached skill level 5 in Dodging
  1085 | D:9      | Reached skill level 7 in Conjurations
  1092 | D:10     | Entered Level 10 of the Dungeon
  1092 | D:10     | Found a shadowy altar of Dithmenos.
  1100 | D:9      | Noticed a two-headed ogre
  1135 | D:10     | Gained mutation: You passively map the area around you.
                  | [Meteoran growth]
  1135 | D:10     | Reached XP level 9. HP: 58/62 MP: 9/18
  1145 | D:10     | Found an ornate altar of the Wu Jian Council.
  1152 | D:10     | Found a burning altar of Makhleb.
  1152 | D:10     | Noticed a green death
  1168 | D:10     | Found a snail-covered altar of Cheibriados.
  1213 | D:9      | Noticed a troll
  1225 | D:10     | Identified the cursed +0 robe of the Eye in the Sky {Range,
                  | Cun}
  1275 | D:10     | Found a staircase to the Lair.
  1335 | D:10     | HP: 3/62 [centaur warrior zombie (3)]
  1336 | D:10     | Mangled by a centaur warrior zombie

Illustrated notes

Levels and vault maps discovered:
D:1:      lemuel_arrival_hallway, layout_basic,
          shapermc_ecumenical_altar_flowoftime, chequers_serial_rivers_small_a
D:2:      layout_loops_ring, uniq_natasha
D:3:      layout_loops_cross, mainiacjoe_overflow_24_doors, nicolae_wormholes,
          uniq_robin
D:4:      layout_loops_ring, mainiacjoe_overflow_brackets, corexii_shack
D:5:      layout_basic, overflow_temple_1_default,
          nicolae_overflow_quartered_altars
D:6:      layout_basic, lemuel_temple_firewalk_a, minmay_misc_feat_tower,
          uniq_edmund
D:7:      layout_rooms, kennysheep_little_box, gammafunk_temple_overflow_wave
D:8:      layout_cave_pods, overflow_temple_1_default, ebering_ghost_inner_flame
D:9:      layout_rooms, nicolae_overflow_hallway_of_the_gods,
          kennysheep_orc_monster_closet_entryway
D:10:     layout_basic, nicolae_hepliaklqana_monster_ancestors,
          makhleb_altar_promises_db, mainiacjoe_overflow_boulevard,
          mainiacjoe_overflow_large_starburst, dpeg_oklobed_lair,
          gammafunk_ghost_grave, serial_undead, serial_undead_c,
          serial_undead_a, serial_undead_d, serial_undead_e

Skill      XL: |  1  2  3  4  5  6  7  8  9 |
---------------+----------------------------+-----
Conjurations   | 5 6 7 |  7.8
Spellcasting   | 3 4 5 6 |  6.8
Dodging        | 3 4 5 6 |  6.6
Stealth        | 2 3 4 |  4.4
Hexes          | 1 3 4 |  4.0
Translocations | 1 2 4 |  4.0
Fire Magic     | 1 3 4 |  4.5

Action                   |  1- 3 |  4- 6 |  7- 9 || total
-------------------------+-------+-------+-------++-------
Melee: Unarmed           |     8 |       |       ||     8
       War axe           |       |       |    13 ||    13
 Cast: Magic Dart        |    12 |     9 |     9 ||    30
       Searing Ray       |     1 |     9 |    14 ||    24
       Conjure Flame     |       |       |     4 ||     4
       Fulminant Prism   |       |       |    10 ||    10
       Iskenderun's Myst |       |       |     3 ||     3
Invok: Curse Item        |       |       |     1 ||     1
  Use: Scroll            |     2 |       |     7 ||     9
       Potion            |     1 |       |     6 ||     7
Armor: Robe              |     1 |     1 |     9 ||    11
Dodge: Dodged            |     9 |     5 |    44 ||    58
